 Dungeon Crawl Stone Soup version 0.29.1 (webtiles) character file.

Game seed: 6014500570898707601

3321 sleeves the Cleaver (level 10, 0/118 HPs)
             Began as a Barachi Brigand on Sept 15, 2022.
             Was a Believer of Cheibriados.
             Slain by a vampire mosquito (6 damage)
             ... on level 7 of the Dungeon.
             The game lasted 00:20:45 (6491 turns).

sleeves the Cleaver (Barachi Brigand)               Turns: 6491, Time: 00:20:46

Health: 0/118      AC: 29    Str: 20    XL:     10   Next: 2%
Magic:  20/21      EV:  2    Int: 16    God:    Cheibriados [**....]
Gold:   347        SH:  0    Dex: 18    Spells: 9/9 levels left

rFire   . . .      SeeInvis .   r - +3 woodcutter's axe {vorpal}
rCold   . . .      Faith    .   (shield currently unavailable)
rNeg    . . .      Spirit   .   (body armour currently unavailable)
rPois   +          Reflect  .   (helmet currently unavailable)
rElec   .          Harm     .   (cloak currently unavailable)
rCorr   .          Rampage  .   (gloves currently unavailable)
Will    .....      NoTele   +   (boots currently unavailable)
Stlth   +++.......              z - amulet of regeneration
HPRegen 1.09/turn               k - ring of magical power
MPRegen 0.17/turn               n - +4 ring of protection

@: tree-form, unable to hop, very slow
A: stationary, stasis, torment immunity, boosted hp, (amphibious), (slowness 1),
(strong legs 1), +LOS
a: Renounce Religion, Bend Time


You were on level 7 of the Dungeon.
You worshipped Cheibriados.
Cheibriados was pleased with you.
You were a tree.
You visited 1 branch of the dungeon, and saw 8 of its levels.

You collected 347 gold pieces.

Inventory:

Hand Weapons
 a - a +2 dagger
 i - a +2 trident of venom
   (You took it off an orc on level 6 of the Dungeon)
 q - a +0 trident
   (You took it off a gnoll sergeant on level 2 of the Dungeon)
 r - the +3 woodcutter's axe (weapon) {vorpal}
   (You found it on level 2 of the Dungeon)

   It inflicts extra damage upon your enemies.
Missiles
 c - 3 boomerangs
 d - 8 poisoned darts
 e - a curare-tipped dart (quivered)
 C - 3 javelins
Armour
 p - a +1 helmet (melded)
   (You took it off Robin on level 2 of the Dungeon)
 y - a +1 buckler of reflection
   (You found it on level 4 of the Dungeon)
 B - a +3 ring mail (melded)
   (You found it on level 5 of the Dungeon)
 D - a +0 cloak of preservation (melded)
   (You took it off Crazy Yiuf on level 6 of the Dungeon)
Jewellery
 k - a ring of magical power (left branch)
   (You took it off a goblin on level 2 of the Dungeon)
 n - a +4 ring of protection (right branch)
   (You found it on level 2 of the Dungeon)
 w - an amulet of magic regeneration
   (You found it on level 3 of the Dungeon)
 z - an amulet of regeneration (around neck)
   (You found it on level 4 of the Dungeon)
Wands
 A - a wand of flame (11)
   (You found it on level 5 of the Dungeon)
Scrolls
 f - a scroll of noise {unknown}
 h - 3 scrolls of teleportation {unknown}
 l - 3 scrolls of identify
 m - a scroll of blinking {unknown}
 o - a scroll of vulnerability
 F - a scroll of fog {unknown}
Potions
 g - 6 potions of brilliance
 j - 3 potions of heal wounds {unknown}
 s - a potion of cancellation
 t - a potion of lignification
 u - a potion of invisibility {unknown}
 x - a potion of flight {unknown}
 E - a potion of ambrosia {unknown}
 G - a potion of haste {unknown}


   Skills:
 + Level 7.3 Fighting
 - Level 2.1 Short Blades
 + Level 9.8 Axes
 - Level 2.0 Throwing
 + Level 5.5 Armour
 + Level 5.7 Dodging
 - Level 3.6 Stealth
 - Level 2.1 Shields
 + Level 3.8 Invocations


You had 9 spell levels left.
You didn't know any spells.
Your spell library contained the following spells:

 Spells                   Type           Power      Damage    Failure   Level
 Slow                     Hex            0%         N/A       26%         1
 Frozen Ramparts          Ice            0%         1d1       58%         3
 Ice Form                 Ice/Tmut       0%         N/A       94%         4
 Summon Ice Beast         Ice/Summ       0%         N/A       94%         4


Dungeon Overview and Level Annotations

Branches:
Dungeon (8/15)
 Temple: D:4-7         Lair: D:8-11

Altars:
Ashenzari
Cheibriados
Gozag
Sif Muna

Shops:
D:4 *

Annotations:
D:4 3 runed translucent doors, exclusion: downstairs, Lremus's ghost, novice HOFi
D:7 3 runed translucent doors


Innate Abilities, Weirdness & Mutations

You are a tree.
Your roots penetrate the ground, keeping you stationary.
You cannot be teleported.
You are immune to unholy pain and torment.
Your maximum health is greatly increased.
Your equipment is partially melded.
((You are amphibious.))
((You cover ground slowly.))
((You can hop short distances.))
You have an extended range of vision and can be seen from far away.


Message History

You miss the hound. The hound closely misses you.
You slash the hound!
The hound is almost dead.
The hound closely misses you. The hound bites you but does no damage.
You slice the hound!!
You kill the hound!
Cheibriados appreciates the change of pace.
No target in view!
No target in view!
You see here 6 stones.
C - 3 javelins You open the door.
There is an open door here.
Found a stone staircase leading up.
There is a stone staircase leading up here.
You open the door.
A gnoll comes into view.
It is wielding a +0 spear. 2 gnolls come into view.
The gnoll shouts!
There is an open door here.
You close the door.
You start waiting.
Something unseen breaks down the door.
The gnoll closely misses you. The gnoll barely misses you.
There is a broken door here.
The gnoll shouts!
You slash the gnoll!
The gnoll is severely wounded.
You hit the gnoll. The gnoll closely misses you.
The gnoll hits you with a +0 club. The gnoll hits you but does no damage.
You barely miss the gnoll.
The gnoll is severely wounded.
You barely miss the gnoll. The gnoll hits you but does no damage.
The gnoll barely misses you.
You slice the gnoll!!
You kill the gnoll!
Cheibriados appreciates the change of pace.
You hit the gnoll. The gnoll misses you.
You slice the gnoll!!
You kill the gnoll!
Cheibriados appreciates the change of pace.
You can now bend time to slow others.
Cheibriados raises the support of your attributes as your movement slows.
The gnoll misses you. The gnoll hits you but does no damage.
You closely miss the gnoll. The gnoll hits you but does no damage.
You slash the gnoll!
The gnoll is almost dead.
The gnoll hits you with a +0 spear.
You barely miss the gnoll.
The gnoll is almost dead.
The gnoll closely misses you.
You barely miss the gnoll.
The gnoll is almost dead.
The gnoll hits you but does no damage.
You slash the gnoll!
You kill the gnoll!
Cheibriados appreciates the change of pace.
No target in view!
There is a broken door here.
There is a stone staircase leading up here.
There is a broken door here.
There is a stone staircase leading up here.
You can't go down here!
You climb upwards.
Found a fuming ruby potion.
There is a stone staircase leading down here.
The phantom barely misses you.
You climb downwards.
Level annotation: 1 runed translucent door, Crazy Yiuf; Prince Ribbit
There is a stone staircase leading up here.
You miss the phantom.
The phantom hits you but does no damage.
You closely miss the phantom.
The phantom hits you but does no damage.
You barely miss the phantom.
The phantom hits you but does no damage.
You closely miss the phantom. The phantom barely misses you.
You closely miss the phantom.
The phantom hits you but does no damage.
You hit the phantom.
The phantom is lightly damaged.
The phantom closely misses you.
You closely miss the phantom.
The phantom is lightly damaged.
The phantom barely misses you.
You miss the phantom.
The phantom is lightly damaged.
The phantom hits you but does no damage.
You miss the phantom.
The phantom is lightly damaged.
The phantom hits you but does no damage.
You hit the phantom.
The phantom is lightly damaged.
The phantom hits you but does no damage.
You closely miss the phantom.
The phantom is lightly damaged.
The phantom barely misses you.
You slash the phantom!
The phantom is severely damaged.
The phantom hits you but does no damage.
You closely miss the phantom.
The phantom is severely damaged.
The phantom hits you but does no damage.
You closely miss the phantom.
The phantom is severely damaged.
The phantom hits you.
The phantom blinks!
You blink.
You hit the phantom but do no damage.
The phantom is severely damaged.
The phantom barely misses you.
You closely miss the phantom.
The phantom is severely damaged.
The phantom hits you but does no damage.
You hit the phantom.
The phantom is severely damaged.
The phantom hits you.
The phantom blinks!
You blink.
You hit the phantom.
The phantom is almost destroyed.
The phantom hits you but does no damage.
You closely miss the phantom.
The phantom is almost destroyed.
The phantom misses you.
You slice the phantom!!
You destroy the phantom!
Cheibriados thoroughly appreciates the change of pace.
Your Axes skill increases to level 7!
You have reached level 8!
You feel agile.
There is a broken door here.
There is a stone staircase leading up here.
There is a broken door here.
There is an open door here.
There is an open door here.
There is a stone staircase leading down here.
Prince Ribbit is nearby!
Prince Ribbit is nearby!
Throw: 8 darts (poison)
Press: ? - help, Q - select action, (/) - cycle Shift-Dir - straight line, f - Prince Ribbit
Aim: Prince Ribbit (wandering, hasn't noticed you, 43% to hit)
You throw a poisoned dart. The poisoned dart misses Prince Ribbit.
Prince Ribbit gives a loud, deep croak!
Throw: 7 darts (poison)
Press: ? - help, Q - select action, (/) - cycle Shift-Dir - straight line, f/p - Prince Ribbit
Aim: Prince Ribbit (43% to hit)
You throw a poisoned dart. The poisoned dart misses Prince Ribbit.
Throw: 6 darts (poison)
Press: ? - help, Q - select action, (/) - cycle Shift-Dir - straight line, f/p - Prince Ribbit
Aim: Prince Ribbit (43% to hit)
You throw a poisoned dart. The poisoned dart misses Prince Ribbit.
Prince Ribbit croaks regally.
Throw: 5 darts (poison)
Press: ? - help, Q - select action, (/) - cycle Shift-Dir - straight line, f/p - Prince Ribbit
Aim: Prince Ribbit (43% to hit)
You throw a poisoned dart. The poisoned dart hits Prince Ribbit.
Prince Ribbit is poisoned.
You closely miss Prince Ribbit.
Prince Ribbit is lightly wounded.
Prince Ribbit barely misses you.
You barely miss Prince Ribbit.
Prince Ribbit is lightly wounded.
Prince Ribbit completely misses you. Prince Ribbit hits you!
You miss Prince Ribbit.
Prince Ribbit is lightly wounded.
Prince Ribbit misses you.
You closely miss Prince Ribbit.
Prince Ribbit is lightly wounded.
Prince Ribbit hits you but does no damage.
You hit Prince Ribbit.
Prince Ribbit is moderately wounded.
Prince Ribbit barely misses you. Prince Ribbit closely misses you.
You slash Prince Ribbit!
Prince Ribbit is severely wounded.
Prince Ribbit hits you.
You miss Prince Ribbit.
Prince Ribbit is severely wounded.
Prince Ribbit hits you.
Prince Ribbit blinks!
Throw: 4 darts (poison)
Press: ? - help, Q - select action, (/) - cycle Shift-Dir - straight line, f/p - Prince Ribbit
Aim: Prince Ribbit (almost dead, poisoned, 43% to hit)
You throw a poisoned dart. The poisoned dart hits Prince Ribbit.
Prince Ribbit looks even sicker.
Prince Ribbit is almost dead.
You slice Prince Ribbit!!
You kill Prince Ribbit!
Cheibriados thoroughly appreciates the change of pace.
Prince Ribbit returns to his original shape as he dies.
Your Axes skill increases to level 8!
HP restored.
You see here the human corpse of Prince Ribbit.
d - 4 poisoned darts (gained 1)
You see here the human corpse of Prince Ribbit.
d - 5 poisoned darts (gained 1)
d - 8 poisoned darts (gained 3)
Found a dagger.
An orc comes into view. It is wielding a +0 mace.
An orc comes into view. It is wielding a +0 club.
There are monsters nearby!
The orc shouts!
You hear a shout!
The orc throws a stone.
The stone closely misses you.
The orc shouts!
An orc comes into view. It is wielding a +0 hand axe.
An orc comes into view. It is wielding a +0 dagger.
The orc throws a stone.
The stone closely misses you.
The orc throws a stone.
The stone closely misses you.
The orc shouts!
You slice the orc!!
You kill the orc!
Cheibriados appreciates the change of pace.
You hit the orc.
The orc is severely wounded.
The orc hits you but does no damage.
You slice the orc!!
You kill the orc!
Cheibriados appreciates the change of pace.
You slash the orc!
You kill the orc!
Cheibriados appreciates the change of pace.
A necrophage comes into view.
The orc barely misses you.
Things that are here:
a +0 hand axe; a +0 ring mail; a +0 club You hit the orc.
The orc is moderately wounded.
The orc closely misses you.
You hit the orc.
You kill the orc!
Cheibriados appreciates the change of pace.
No target in view!
No target in view!
Things that are here:
a +0 dagger; a +0 scale mail; an orc corpse A necrophage is nearby!
The necrophage hits you but does no damage.
You hit the necrophage.
The necrophage is lightly damaged.
The necrophage closely misses you.
You slice the necrophage!!
The necrophage is almost destroyed.
The necrophage hits you.
You feel drained.
You slice the necrophage!!
You destroy the necrophage!
Cheibriados thoroughly appreciates the change of pace.
Your life force feels restored.
No target in view!
No target in view!
Unknown command.
You don't know any spells.
Unknown command.
You see here the human skeleton of Prince Ribbit.
Items here: ))) [[.
You see here 6 stones.
Key pressed, stopping explore.
You see here a +0 scale mail.
Crazy Yiuf shouts!
Could not explore, unopened runed door.
Press: ? - help, v - describe, . - travel
Here: Crazy Yiuf, wielding a +2 quarterstaff of chaos and wearing a +0 cloak of preservation (fire blocked by a runed translucent door)
The floor.
Unknown command.
Unknown command.
Unknown command.
Unknown command.
Unknown command.
Unknown command.
You open the door.
Crazy Yiuf screams, "Snurf Xom arga!"
You slash Crazy Yiuf!
You kill Crazy Yiuf!
Cheibriados thoroughly appreciates the change of pace.
Cheibriados raises the support of your attributes as your movement slows.
There is an open translucent door, spattered with blood here.
Things that are here:
a +2 quarterstaff of chaos; a +0 cloak of preservation; the gnoll corpse of Crazy Yiuf
D - a +0 cloak of preservation You start removing your armour.
You continue taking off your +0 cloak. x4
You finish taking off your +0 cloak.
You start putting on your armour.
You continue putting on your +0 cloak of preservation. x5
You finish putting on your +0 cloak of preservation.
Done exploring.
Done exploring.
Done exploring.
Done exploring.
Done exploring.
(D) Dungeon
Where to? (Enter - D:5 @ (x,y), ? - help)
There is an open translucent door, spattered with blood here.
Things that are here:
a +2 quarterstaff of chaos; the gnoll corpse of Crazy Yiuf
There is a stone staircase leading down here.
You climb downwards.
Found 4 stones.
Found a stone staircase leading up.
There is a stone staircase leading up here.
Unknown command.
l - 4 scrolls labelled BUJEANAEPU (gained 1)
A bullfrog comes into view.
You drop a +0 cloak.
The bullfrog gives a loud, deep croak!
An ice beast comes into view.
The bullfrog barely misses you.
You barely miss the bullfrog. The bullfrog misses you.
You slice the bullfrog!!
You kill the bullfrog!
Cheibriados thoroughly appreciates the change of pace.
You slash the ice beast!
The ice beast is heavily wounded.
The ice beast hits you but does no damage.
You slash the ice beast!
You kill the ice beast!
Cheibriados appreciates the change of pace.
A scorpion comes into view.
A scorpion is nearby!
No target in view!
The scorpion misses you.
You slash the scorpion!
The scorpion is almost dead.
The scorpion stings you but does no damage.
You barely miss the scorpion.
The scorpion is almost dead.
The scorpion completely misses you. The scorpion closely misses you.
You slash the scorpion!
You kill the scorpion!
Cheibriados thoroughly appreciates the change of pace.
Your Invocations skill increases to level 1!
You now have 308 gold pieces (gained 21).
A white imp and a sky beast come into view.
You slash the sky beast!
The sky beast is moderately wounded.
The sky beast hits you but does no damage.
You slash the sky beast!
The sky beast is almost dead.
You hear a horrible gurgling sound!
The sky beast flickers out of sight!
Deactivating autopickup; reactivate with Ctrl-A.
Something hits you but does no damage.
You hear two shouts!
You hear a shout! x5
You miss something.
You hear an angry buzzing noise.
You hear a shout!
Something hits you but does no damage.
You hear a shout!
You closely miss something. Something hits you but does no damage.
You slice something!!
Cheibriados thoroughly appreciates the change of pace.
Reactivating autopickup.
You feel a bit more experienced.
A sky beast and a killer bee come into view.
Your +2 trident of venom begins to drip with poison!
i - a +2 trident of venom (weapon)
Unknown command.
The killer bee barely misses you.
The killer bee stings you but does no damage.
Reach: i) +2 trident (venom)
Press: ? - help, Dir - move target, f - killer bee
Aim: a killer bee (about 60% to evade your +2 trident of venom)
You miss the killer bee. The killer bee closely misses you.
The killer bee stings you.
You are poisoned.
The killer bee poisons you!
The killer bee stings you but does no damage.
Reach: i) +2 trident (venom)
Press: ? - help, Dir - move target, f/p - killer bee
Aim: a killer bee (about 60% to evade your +2 trident of venom)
You closely miss the killer bee.
You feel sick.
The killer bee stings you but does no damage. x2
Reach: i) +2 trident (venom)
Press: ? - help, Dir - move target, f/p - killer bee
Aim: a killer bee (about 60% to evade your +2 trident of venom)
You miss the killer bee.
You feel sick. The killer bee barely misses you. x2
Reach: i) +2 trident (venom)
Press: ? - help, Dir - move target, f/p - killer bee
Aim: a killer bee (about 60% to evade your +2 trident of venom)
You puncture the killer bee!
The killer bee is heavily wounded.
You feel sick.
The killer bee stings you but does no damage. x2
Reach: i) +2 trident (venom)
Press: ? - help, Dir - move target, f/p - killer bee
Aim: a killer bee (heavily wounded, about 60% to evade your +2 trident of venom)
You barely miss the killer bee.
The killer bee is heavily wounded.
The killer bee completely misses you. The killer bee closely misses you.
Reach: i) +2 trident (venom)
Press: ? - help, Dir - move target, f/p - killer bee
Aim: a killer bee (heavily wounded, about 60% to evade your +2 trident of venom)
You barely miss the killer bee.
The killer bee is heavily wounded.
You feel sick. The killer bee barely misses you.
The killer bee stings you but does no damage.
Reach: i) +2 trident (venom)
Press: ? - help, Dir - move target, f/p - killer bee
Aim: a killer bee (heavily wounded, about 60% to evade your +2 trident of venom)
You hit the killer bee but do no damage.
The killer bee is heavily wounded.
You feel sick. The killer bee closely misses you. x2
Reach: i) +2 trident (venom)
Press: ? - help, Dir - move target, f/p - killer bee
Aim: a killer bee (heavily wounded, about 60% to evade your +2 trident of venom)
You closely miss the killer bee.
The killer bee is heavily wounded.
The killer bee barely misses you. The killer bee closely misses you.
Reach: i) +2 trident (venom)
Press: ? - help, Dir - move target, f/p - killer bee
Aim: a killer bee (heavily wounded, about 60% to evade your +2 trident of venom)
You puncture the killer bee!
You kill the killer bee!
Cheibriados thoroughly appreciates the change of pace.
You feel sick.
You are no longer poisoned.
Your Armour skill increases to level 3!
Your +2 trident of venom stops dripping with poison.
r - the +3 woodcutter's axe (weapon)
{vorpal} HP restored.
The sky beast hits you but does no damage.
You slash the sky beast!
The sky beast is heavily wounded.
The sky beast barely misses you.
You slice the sky beast!!
You kill the sky beast!
Cheibriados appreciates the change of pace.
No target in view!
Found an escape hatch in the ceiling.
Found 2 stones.
Found a shimmering blue altar of Sif Muna.
You open the door. 2 orc wizards come into view.
An orc wizard is wielding a +2 dagger of venom and wearing a +1 robe of willpower.
Found Sif Muna's Disquisition on Execration.
Found an escape hatch in the floor.
Unknown command.
There is an open door here.
The orc wizard points at you and mumbles some strange words.
You resist with some effort.
The orc wizard hits you but does no damage.
The orc wizard closely misses you.
You slice the orc wizard!!
You kill the orc wizard!
Cheibriados appreciates the change of pace.
You miss the orc wizard.
The orc wizard hits you but does no damage.
You closely miss the orc wizard.
The orc wizard hits you but does no damage.
You slice the orc wizard!!
You kill the orc wizard!
Cheibriados appreciates the change of pace.
Things that are here:
a +0 dagger; a +0 robe You pick up Sif Muna's Disquisition on Execration and begin reading...
You add the spell Slow to your library.
There is an escape hatch in the floor, spattered with blood here.
Things that are here:
a +2 dagger of venom; a +1 robe of willpower No target in view!
No target in view!
No target in view!
Okay, then.
There is an open door here.
There is a shimmering blue altar of Sif Muna here.
An ogre comes into view. It is wielding a +0 giant club.
An ogre is nearby!
An ogre is nearby!
You throw a poisoned dart. The poisoned dart hits the ogre.
The ogre is poisoned.
The ogre shouts!
You throw a poisoned dart.
The poisoned dart barely misses the ogre.
You throw a poisoned dart. The poisoned dart hits the ogre.
The ogre looks even sicker.
You throw a poisoned dart. The poisoned dart hits the ogre.
The ogre looks even sicker.
You slash the ogre!
The ogre is severely wounded.
The ogre closely misses you.
You barely miss the ogre.
The ogre is almost dead.
The ogre hits you with a +0 giant club!!
You slash the ogre!
You kill the ogre!
Cheibriados appreciates the change of pace.
Your Axes skill increases to level 9!
Your Dodging skill increases to level 4!
Your Invocations skill increases to level 2!
You have reached level 9!
Your experience leads to an increase in your attributes!
Your base attributes are Str 14, Int 12, Dex 14.
Increase (S)trength, (I)ntelligence, or (D)exterity?
You feel stronger. x2
Things that are here:
a +0 giant club; an ogre corpse
d - 5 poisoned darts (gained 1)
d - 6 poisoned darts (gained 1)
d - 7 poisoned darts (gained 1)
d - 8 poisoned darts (gained 1)
An orc priest and an orc come into view.
An orc and 2 orc wizards come into view.
An orc wizard is wielding a +0 dagger and wearing a +2 robe of cold resistance.
The orc shouts! x2
You start waiting.
An orc is nearby!
You hit the orc but do no damage. The orc hits you but does no damage.
You hit the orc but do no damage. You slash the orc!
You kill the orc!
Cheibriados appreciates the change of pace.
You hit the orc.
The orc is severely wounded.
The orc hits you but does no damage.
You closely miss the orc.
The orc is severely wounded.
The orc hits you but does no damage.
You barely miss the orc.
The orc is severely wounded.
The orc barely misses you.
You slash the orc!
You kill the orc!
Cheibriados thoroughly appreciates the change of pace.
Cheibriados raises the support of your attributes as your movement slows.
You see here a +0 mace.
The orc wizard shouts!
The orc priest shouts!
The orc priest calls down the wrath of Beogh upon you.
Beogh smites you!
You see here a +0 mace.
You slice the orc wizard!!
You kill the orc wizard!
Cheibriados thoroughly appreciates the change of pace.
You closely miss the orc priest. The orc priest closely misses you.
You closely miss the orc priest. The orc priest closely misses you.
You slice the orc priest!!
You kill the orc priest!
Cheibriados appreciates the change of pace.
You hear a shout!
You slice the orc wizard!!
You kill the orc wizard!
Cheibriados thoroughly appreciates the change of pace.
Your Fighting skill increases to level 6!
Items here: )))) [[.
An orc warrior and an orc wizard come into view.
The orc warrior shouts!
The orc wizard shouts!
The orc wizard moves out of view.
An orc warrior is nearby!
An orc warrior is nearby!
You throw a poisoned dart. The poisoned dart hits the orc warrior.
The orc warrior is poisoned.
An orc comes into view. It is wielding a +0 war axe.
Throw: 7 darts (poison)
Press: ? - help, Q - select action, (/) - cycle Shift-Dir - straight line, f/p - orc warrior
Aim: an orc warrior, wielding a +0 scimitar and wearing a +0 chain mail (poisoned, 62% to hit)
You throw a poisoned dart. The poisoned dart hits the orc warrior.
The orc warrior looks even sicker.
The orc shouts!
Throw: 6 darts (poison)
Press: ? - help, Q - select action, (/) - cycle Shift-Dir - straight line, f/p - orc warrior
Aim: an orc warrior, wielding a +0 scimitar and wearing a +0 chain mail (lightly wounded, very poisoned, 62% to hit)
You throw a poisoned dart. The poisoned dart hits the orc warrior.
The orc warrior is lightly wounded.
An orc comes into view. It is wielding a +0 club.
You slash the orc warrior!
The orc warrior is severely wounded.
You hit the orc wizard.
The orc wizard is heavily wounded.
You completely miss the orc warrior.
The orc warrior hits you with a +0 scimitar.
The orc wizard casts a spell at you.
You are confused.
You slice the orc wizard!!
You kill the orc wizard!
Cheibriados thoroughly appreciates the change of pace.
You slash the orc warrior!
You kill the orc warrior!
Cheibriados thoroughly appreciates the change of pace.
The orc attacks as you move away! The orc closely misses you.
The orc throws a boomerang.
The boomerang hits you but does no damage.
The orc attacks as you move away! The orc closely misses you.
The orc hits you but does no damage.
You barely miss the orc. x2; The orc barely misses you.
The orc hits you with a +0 club.
You hit the orc but do no damage. You closely miss the orc.
You feel less confused. The orc hits you but does no damage.
The orc closely misses you.
You slash the orc!
You kill the orc!
Cheibriados appreciates the change of pace.
You hit the orc. The orc closely misses you.
You barely miss the orc.
The orc is heavily wounded.
The orc barely misses you.
You closely miss the orc.
The orc is heavily wounded.
The orc closely misses you.
You completely miss the orc.
The orc is heavily wounded.
The orc hits you but does no damage.
You slash the orc!
You kill the orc!
Cheibriados appreciates the change of pace.
Things that are here:
a +0 club; a +0 ring mail; an orc corpse Search for what [Enter for "chei", or ? for help]? axe Unknown command.
c - 3 boomerangs
Things that are here:
a +0 war axe; a +0 chain mail; an orc corpse
Things that are here:
a +0 dagger; a +0 robe
d - 6 poisoned darts (gained 1)
d - 7 poisoned darts (gained 1)
d - 8 poisoned darts (gained 1)
Found a scimitar.
Things that are here:
a +0 scimitar; a +0 chain mail; an orc corpse
Things that are here:
a +0 club; a +0 ring mail; an orc corpse
Items here: )))) [[.
Items here: )))) [[.
Key pressed, stopping explore.
Found a stone staircase leading up.
A black bear comes into view.
A black bear is nearby!
A black bear is nearby!
Found a stone staircase leading down.
The black bear growls angrily.
The black bear barely misses you. x3
You slice the black bear!!
The black bear is almost dead.
The black bear bites you but does no damage.
The black bear barely misses you.
The black bear claws you but does no damage.
You slash the black bear!
You kill the black bear!
Cheibriados appreciates the change of pace.
Your Armour skill increases to level 4!
No target in view!
A cyan ugly thing comes into view.
The cyan ugly thing moves out of view.
A cyan ugly thing is nearby!
A cyan ugly thing is nearby!
There is a stone staircase leading up here.
You climb upwards.
There is a stone staircase leading down here.
You see here a +0 great sword.
There is a stone staircase leading up here.
There is a broken door here.
There is an open door here.
There is an open door here.
There is a stone staircase leading down here.
You climb downwards.
The lemure shouts!
Found 12 gold pieces.
There is a stone staircase leading up here.
A lemure comes into view.
You hit the lemure but do no damage. The lemure hits you but does no damage.
You barely miss the lemure. The lemure closely misses you.
You barely miss the lemure. The lemure hits you.
You slash the lemure!
The lemure is heavily wounded.
The lemure hits you but does no damage.
You hit the lemure.
The lemure is severely wounded.
The lemure barely misses you.
You hit the lemure but do no damage.
The lemure is severely wounded.
The lemure hits you but does no damage.
You slice the lemure!!
You kill the lemure!
That felt strangely unrewarding.
You miss the lemure. The lemure closely misses you.
You slash the lemure!
The lemure is severely wounded.
The lemure hits you.
You completely miss the lemure.
The lemure is severely wounded.
The lemure hits you but does no damage.
You barely miss the lemure.
The lemure is severely wounded.
The lemure completely misses you.
You barely miss the lemure.
The lemure is severely wounded.
The lemure hits you but does no damage.
You slice the lemure!!
You kill the lemure!
That felt strangely unrewarding.
No target in view!
You see here 4 stones.
There is a stone staircase leading up, spattered with blood here.
Joseph, a Mercenary comes into view.
He is wielding a +0 quarterstaff.
Throw: 8 darts (poison)
Press: ? - help, Q - select action, (/) - cycle Shift-Dir - straight line, f - Joseph
Aim: Joseph, wielding a +0 quarterstaff and wearing a +0 ring mail (asleep, 98% to hit)
Okay, then.
There is a stone staircase leading up, spattered with blood here.
There is a stone staircase leading up, spattered with blood here.
Okay, then.
Okay, then.
Joseph shouts!
Joseph unwields a +0 quarterstaff.
Joseph wields a +0 sling.
Joseph shoots a sling bullet.
The sling bullet hits you!
Throw: 2 darts (curare)
Press: ? - help, Q - select action, (/) - cycle Shift-Dir - straight line, f - Joseph
Aim: Joseph, wielding a +0 sling and wearing a +0 ring mail (69% to hit)
You throw a curare-tipped dart. The curare-tipped dart hits Joseph.
Joseph is poisoned.
Joseph convulses.
Joseph seems to slow down.
Joseph is lightly wounded.
Joseph unwields a +0 sling.
Joseph wields a +0 quarterstaff.
Joseph misses you.
You slash Joseph!
Joseph is moderately wounded.
You slash Joseph!
Joseph is heavily wounded.
Joseph tries to grin evilly.
Joseph hits you with a +0 quarterstaff.
You slice Joseph!!
Joseph is almost dead.
Joseph hits you with a +0 quarterstaff!
You slash Joseph!
You kill Joseph!
Cheibriados appreciates the change of pace.
Things that are here:
a +0 quarterstaff; a +0 sling; a +0 ring mail
e - 2 curare-tipped darts (gained 1)
Things that are here:
a +0 quarterstaff; a +0 sling; a +0 ring mail HP restored.
You now have 320 gold pieces (gained 12).
Things that are here:
a +0 quarterstaff; a +0 sling; a +0 ring mail
There is a stone staircase leading up, spattered with blood here.
You see here 4 stones.
There is a stone staircase leading up here.
You see here a +0 cloak.
A gnoll comes into view. It is wielding a +0 whip.
The gnoll hits you with a +0 whip.
You barely miss the gnoll. The gnoll closely misses you.
You closely miss the gnoll. The gnoll barely misses you.
You slash the gnoll!
You kill the gnoll!
Cheibriados appreciates the change of pace.
There is an open door here.
You see here a +0 whip.
You now have 334 gold pieces (gained 14).
There is an open door here.
You see here a +0 whip.
A lemure comes into view.
The lemure moves out of view.
The lemure shouts!
You hear a shout! x2
You barely miss the lemure. The lemure closely misses you.
You slash the lemure!
The lemure is heavily wounded.
The lemure completely misses you.
A cyclops comes into view.
Hop to where?
Press: ? - help, Dir - move target Boing!
Unknown command.
Pikel, Merchant of Souls comes into view.
He is wielding a +1 whip of freezing.
The lemure completely misses you. The lemure closely misses you.
The lemure misses you. The lemure misses you.
The lemure hits you but does no damage.
You hit the lemure.
The lemure is heavily wounded.
The lemure misses you.
You hit the lemure.
The lemure is severely wounded.
The lemure hits you but does no damage.
You slash the lemure!
You kill the lemure!
That felt strangely unrewarding.
The cyclops hits you!!
You barely miss the cyclops. The cyclops hits you!
Okay, then.
You hit the cyclops but do no damage. The cyclops barely misses you.
You barely miss the cyclops. The cyclops hits you!!
* * * LOW HITPOINT WARNING * * *
Okay, then.
Okay, then.
Okay, then.
Okay, then.
Throw: 2 darts (curare)
Press: ? - help, Q - select action, (/) - cycle Shift-Dir - straight line, f - cyclops
Aim: a cyclops, quivering large rocks (87% to hit)
You throw a curare-tipped dart.
The curare-tipped dart completely misses the cyclops.
Throw: dart (curare)
Press: ? - help, Q - select action, (/) - cycle Shift-Dir - straight line, f/p - cyclops
Aim: a cyclops, quivering large rocks (87% to hit)
You throw a curare-tipped dart.
The curare-tipped dart hits the cyclops.
The cyclops is poisoned.
The cyclops convulses.
The cyclops seems to slow down.
The cyclops is lightly wounded.
The cyclops misses you.
You slash the cyclops!
The cyclops is heavily wounded.
You are ready to hop once more.
You slash the cyclops!
The cyclops is almost dead.
The cyclops hits you.
* * * LOW HITPOINT WARNING * * *
You completely miss the cyclops.
The cyclops is almost dead.
You slice the cyclops!!
You kill the cyclops!
Your Armour skill increases to level 5!
Your Dodging skill increases to level 5!
Your Invocations skill increases to level 3!
You start resting.
HP restored.
Things that are here:
6 large rocks; a cyclops corpse
e - a curare-tipped dart
There is an open door, spattered with blood here.
You see here a +0 whip.
Things that are here:
6 large rocks; a cyclops corpse Pikel and a lemure come into view.
Pikel is wielding a +1 whip of freezing.
Pikel shouts!
There are monsters nearby!
You start waiting.
Pikel is nearby!
You hit Pikel.
Pikel is lightly wounded.
Pikel barely misses you.
You slash Pikel!
Pikel is heavily wounded.
Pikel hits you but does no damage.
You slice Pikel!!
You kill Pikel!
Cheibriados appreciates the change of pace.
Your Fighting skill increases to level 7!
E - a murky amethyst potion
Things that are here:
a +1 whip of freezing; a +0 robe; the kobold corpse of Pikel
Things that are here:
6 large rocks; a cyclops corpse No target in view!
Unknown command.
You now have 347 gold pieces (gained 13).
A wraith comes into view.
A cyclops comes into view.
Things that are here:
a +1 whip of freezing; a +0 robe; the kobold corpse of Pikel You see here a +0 cloak.
There is a stone staircase leading up here.
You climb upwards.
There is a stone staircase leading down here.
You see here a +0 halberd.
You see here a +0 spear.
Items here: ))) [[.
There is an open door here.
You see here a +0 great sword.
There is a stone staircase leading down here.
You climb downwards.
There is a stone staircase leading up here.
F - a scroll labelled RAXURPH SIOPT
Found a runed translucent gate.
G - an inky potion A centaur comes into view.
There is a stone staircase leading down here.
You climb downwards.
You hear the roar of battle.
There is an entrance to a bailey on this level.
Hurry and find it before the portal closes forever!
There is a stone staircase leading up here.
A deep elf pyromancer comes into view. It is wielding a +0 short sword.
Found a glowing sling.
The steam dragon hisses angrily.
There is a stone staircase leading up here.
The steam dragon breathes steam at you. The ball of steam hits you!
The steam dragon closely misses you.
The steam dragon claws you but does no damage.
A necrophage comes into view.
The steam dragon completely misses you.
The steam dragon claws you but does no damage.
You barely miss the steam dragon. The steam dragon bites you.
The steam dragon claws you but does no damage.
You slash the steam dragon!
The steam dragon is heavily wounded.
The steam dragon barely misses you.
The steam dragon claws you but does no damage.
You barely miss the steam dragon.
The steam dragon is heavily wounded.
The steam dragon breathes steam at you. The ball of steam hits you!
You are engulfed in a cloud of scalding steam.
* * * LOW HITPOINT WARNING * * *
The steam dragon barely misses you.
The steam dragon claws you but does no damage.
There is a stone staircase leading up here.
You are engulfed in a cloud of scalding steam.
* * * LOW HITPOINT WARNING * * *
The steam dragon closely misses you.
The steam dragon claws you but does no damage.
You climb upwards.
Level annotation: 3 runed translucent doors
There is a stone staircase leading down here.
You hit the steam dragon.
The steam dragon is almost dead.
The steam dragon barely misses you. The steam dragon misses you.
You barely miss the steam dragon.
The steam dragon is almost dead.
The steam dragon breathes steam at you. The ball of steam misses you.
The centaur shouts!
Something shouts, "Give up, thou pecksniffian kobold-kissing crab-lanthorn!"
You hear a shout!
Something shouts, "Go and return not, thou pottle-deep tickle-brained puttock!"
You hear a shout!
You slash the steam dragon!
You kill the steam dragon!
Cheibriados thoroughly appreciates the change of pace.
The steam dragon scales are intact enough to wear.
You are engulfed in a cloud of scalding steam.
* * * LOW HITPOINT WARNING * * *
The centaur wields a +0 shortbow.
The centaur shoots an arrow.
The arrow misses you.
An orc warrior comes into view. It is wielding a +1 halberd of venom.
You have reached level 10!
Hop to where?
Press: ? - help, Dir - move target Boing!
The centaur shoots an arrow.
The arrow hits you but does no damage.
The centaur shoots an arrow.
The arrow hits you.
* * * LOW HITPOINT WARNING * * *
The centaur shoots an arrow.
The arrow closely misses you.
The centaur shoots an arrow.
The arrow misses you.
Okay, then.
Okay, then.
The flow of time bends around you.
The centaur shoots an arrow.
The arrow hits you but does no damage.
The centaur shoots an arrow.
The arrow hits you but does no damage.
A vampire mosquito comes into view.
As you read the scroll labelled WEHETECSE PIS PIU, it crumbles to dust.
You assume a fearsome visage.
The vampire mosquito is unaffected.
It was a scroll of fear.
Press: ? - help, v - describe, . - travel The floor.
The centaur shoots an arrow.
The arrow hits you but does no damage.
The centaur shoots an arrow.
The arrow barely misses you.
The centaur shoots an arrow.
The arrow hits you.
* * * LOW HITPOINT WARNING * * *
As you read the scroll of fear, it crumbles to dust.
You assume a fearsome visage.
The vampire mosquito is unaffected.
The centaur looks frightened!
The vampire mosquito completely misses you.
Your legs are too worn out to hop.
As you read the scroll labelled BUJEANAEPU, it crumbles to dust.
It is a scroll of identify.
g - 6 potions of brilliance The vampire mosquito barely misses you.
The vampire mosquito bites you.
* * * LOW HITPOINT WARNING * * *
The vampire mosquito draws strength from your injuries!
As you read the scroll labelled SOYVET VARA, it crumbles to dust.
The cyclops shouts!
Magic quickly surges around you.
It was a scroll of vulnerability.
The vampire mosquito closely misses you.
The vampire mosquito barely misses you.
As you read the scroll of fear, it crumbles to dust.
You assume a fearsome visage.
The vampire mosquito is unaffected.
The cyclops looks frightened!
The vampire mosquito bites you.
* * * LOW HITPOINT WARNING * * *
The vampire mosquito draws strength from your injuries!
The vampire mosquito closely misses you.
As you read the scroll labelled JEZXAHEITS, it crumbles to dust.
Your body is wracked with pain!
* * * LOW HITPOINT WARNING * * *
The cyclops convulses!
It was a scroll of torment.
The vampire mosquito barely misses you.
The white imp shouts, "Away with thee, thou rough-hewn folly-fallen wagtail!"
The vampire mosquito completely misses you.
It was a potion of cancellation.
Your magical effects are unravelling.
You feel magically purged.
You feel your willpower return.
The vampire mosquito barely misses you. x2
It was a potion of lignification.
You turn into a tree.
Your +0 cloak of preservation melds into your body.
Your +1 helmet melds into your body.
Your +3 ring mail melds into your body.
Your roots penetrate the ground.
The vampire mosquito bites you!
* * * LOW HITPOINT WARNING * * *
The vampire mosquito draws strength from your injuries!
You closely miss the vampire mosquito.
The vampire mosquito bites you but does no damage. x2
You closely miss the vampire mosquito. The vampire mosquito bites you!
* * * LOW HITPOINT WARNING * * *
The vampire mosquito draws strength from your injuries!
The vampire mosquito bites you but does no damage.
You closely miss the vampire mosquito.
The vampire mosquito bites you but does no damage.
The white imp gestures at you. The puff of frost hits you.
* * * LOW HITPOINT WARNING * * *
The vampire mosquito bites you but does no damage.
Okay, then.
As you read the scroll of fear, it crumbles to dust.
You assume a fearsome visage.
The white imp looks frightened!
The vampire mosquito is unaffected.
The orc warrior looks frightened!
The vampire mosquito bites you but does no damage.
The vampire mosquito bites you.
You die...

#.....c####### ######.###### ##
##...........#♣♣....♣.♣.†..♣♣
.............#♣.≈≈≈≈~≈~≈≈≈≈.♣#
#............#.≈≈≈≈~≈~≈~≈≈≈≈.#
###..........#♣.≈≈≈≈~≈~≈≈≈≈.♣#
#...........#♣♣....♣C♣....♣♣ #
...#........5########.###########
.###..........................##.
. #............♣#.##.#########..
##.#..........y.#..# #...
#.##..............### ####
#..##...............######..#
##.######..............##..8#
#.## ####.............._.' #..#
###..........#..8# ##.##
###........###..# #..####
#...<.....## ####


You could see a vampire mosquito (weak-willed) and a white imp (fleeing).

Vanquished Creatures
  Pikel (D:7)
  A cyclops (D:7)
  Joseph (D:7)
  Prince Ribbit (D:6)
  A steam dragon (D:7)
  An orc warrior (D:7)
  An ice beast (D:7)
  2 sky beasts (D:7)
  A black bear (D:7)
  An ogre (D:7)
  3 lemures (D:7)
  2 phantoms (D:6)
  2 bullfrogs
  2 necrophages (D:6)
  2 scorpions
  A gnoll sergeant (D:2)
  A killer bee (D:7)
  A jelly (D:4)
  An orc priest (D:7)
  Crazy Yiuf (D:6)
  4 hounds (D:6)
  6 orc wizards
  An iguana (D:4)
  Robin (D:2)
  9 gnolls
  4 adders
  2 shadow imps
  A white imp (D:6)
  An ufetubus (D:5)
  2 worms (D:2)
  3 dart slugs
  13 orcs
  7 ball pythons
  4 bats
  6 endoplasms
  5 giant cockroaches
  15 goblins
  8 hobgoblins
  4 kobolds
  2 quokkas
  2 frilled lizards
  5 rats
132 creatures vanquished.

Notes
Turn   | Place    | Note
-------+----------+-------------------------------------------
     0 | D:1      | sleeves the Barachi Brigand began the quest for the Orb.
     0 | D:1      | Reached XP level 1. HP: 17/17 MP: 1/1
   228 | D:1      | Reached skill level 3 in Fighting
   363 | D:1      | Reached XP level 2. HP: 22/24 MP: 2/2
  1244 | D:1      | Reached skill level 4 in Fighting
  1571 | D:2      | Reached XP level 3. HP: 30/30 MP: 3/3
  1601 | D:2      | Noticed Robin
  2645 | D:2      | Reached XP level 4. HP: 38/38 MP: 4/4
  2666 | D:2      | HP: 17/38 [gnoll/+0 spear (6)]
  2674 | D:2      | HP: 15/38 [gnoll/+0 spear (3)]
  2886 | D:2      | Noticed a gnoll sergeant
  2886 | D:2      | Found the +3 woodcutter's axe {vorpal}
  2898 | D:2      | Killed Robin
  2899 | D:2      | Reached skill level 1 in Shields
  2909 | D:2      | Reached skill level 1 in Armour
  3067 | D:2      | Killed a gnoll sergeant
  3068 | D:2      | Reached skill level 5 in Fighting
  3068 | D:2      | Reached skill level 2 in Dodging
  3068 | D:2      | Reached XP level 5. HP: 44/44 MP: 5/5
  3393 | D:3      | Found an opulent altar of Gozag.
  3398 | D:3      | Reached skill level 2 in Armour
  3784 | D:3      | Reached skill level 2 in Shields
  3954 | D:4      | Found Funubrou's General Store.
  4013 | D:4      | Reached skill level 1 in Axes
  4123 | D:4      | Reached skill level 3 in Dodging
  4123 | D:4      | Reached XP level 6. HP: 46/51 MP: 6/6
  4172 | D:4      | Found a snail-covered altar of Cheibriados.
  4216 | D:4      | Found a runed translucent gate.
  4216 | D:4      | Found a runed translucent gate.
  4219 | D:4      | Found a runed translucent gate.
  4223 | D:4      | Found a broken altar of Ashenzari.
  4231 | D:4      | Reached skill level 2 in Axes
  4268 | D:4      | Became a worshipper of Cheibriados the Contemplative
  4451 | D:4      | Noticed Lremus's ghost (novice HOFi)
  4536 | D:5      | Entered Level 5 of the Dungeon
  4536 | D:5      | Noticed an acid dragon
  4616 | D:6      | Noticed Prince Ribbit
  4643 | D:6      | Reached skill level 3 in Axes
  4689 | D:6      | Reached skill level 4 in Axes
  4721 | D:6      | Reached XP level 7. HP: 53/56 MP: 7/7
  4788 | D:6      | Found a runed translucent door.
  4789 | D:6      | Noticed Crazy Yiuf
  4884 | D:6      | Reached skill level 5 in Axes
  4940 | D:6      | Reached skill level 6 in Axes
  5150 | D:6      | Reached * piety under Cheibriados
  5188 | D:6      | Reached skill level 7 in Axes
  5188 | D:6      | Reached XP level 8. HP: 62/62 MP: 8/8
  5281 | D:6      | Killed Prince Ribbit
  5282 | D:6      | Reached skill level 8 in Axes
  5505 | D:6      | Killed Crazy Yiuf
  5592 | D:7      | Reached skill level 1 in Invocations
  5671 | D:7      | Reached skill level 3 in Armour
  5688 | D:7      | Found a shimmering blue altar of Sif Muna.
  5708 | D:7      | Got Sif Muna's Disquisition on Execration
  5741 | D:7      | Reached skill level 9 in Axes
  5741 | D:7      | Reached skill level 4 in Dodging
  5741 | D:7      | Reached skill level 2 in Invocations
  5741 | D:7      | Reached XP level 9. HP: 38/69 MP: 10/10
  5797 | D:7      | Reached ** piety under Cheibriados
  5813 | D:7      | Reached skill level 6 in Fighting
  5956 | D:7      | Reached skill level 4 in Armour
  5959 | D:7      | Noticed a cyan ugly thing
  6058 | D:7      | Noticed Joseph
  6089 | D:7      | Killed Joseph
  6179 | D:7      | Noticed a cyclops
  6181 | D:7      | Noticed Pikel
  6196 | D:7      | HP: 28/71 [cyclops (18)]
  6202 | D:7      | Killed a cyclops
  6203 | D:7      | Reached skill level 5 in Armour
  6203 | D:7      | Reached skill level 5 in Dodging
  6203 | D:7      | Reached skill level 3 in Invocations
  6260 | D:7      | Killed Pikel
  6261 | D:7      | Reached skill level 7 in Fighting
  6310 | D:7      | Noticed a cyclops
  6444 | D:7      | Found a runed translucent gate.
  6444 | D:7      | Found a runed translucent gate.
  6445 | D:7      | Found a runed translucent gate.
  6457 | D:8      | Noticed a deep elf pyromancer
  6466 | D:8      | HP: 28/72 [steam dragon] (21)]
  6471 | D:7      | HP: 17/72 [something (15)]
  6472 | D:7      | Reached XP level 10. HP: 20/79 MP: 12/12
  6480 | D:7      | HP: 26/79 [centaur/arrow (2)]
  6485 | D:7      | HP: 13/79 [/a scroll of torment (10)]
  6490 | D:7      | HP: 5/118 [white imp/puff of frost (6)]
  6491 | D:7      | Slain by a vampire mosquito

Illustrated notes

Levels and vault maps discovered:
D:1:      heliophobic_arrival_glass_houses, layout_basic
D:2:      layout_basic, pf_guarded_unrand_woodcutter, uniq_robin
D:3:      layout_basic, mainiacjoe_overflow_tiny_flanked
D:4:      layout_cave_pools, lemuel_tele_altar, cheibrodos_ashenzari_chains,
          serial_shops, nicolae_shop_waterfront, gammafunk_ghost_icy
D:5:      layout_cave_pools, mainiacjoe_overflow_brackets,
          minmay_temple_entry_waves
D:6:      layout_basic, uniq_crazy_yiuf_cottage, uniq_prince_ribbit1
D:7:      nzn_winding_woodlands_cross [nzn_winding_woodlands_5x15_default,
          nzn_winding_woodlands_5x15_jagged, nzn_winding_woodlands_5x15_cabin,
          nzn_winding_woodlands_5x15_river_crossing,
          nzn_winding_woodlands_15x15_thick_spiral], layout_cave_pods,
          led_sif_book, gammafunk_ghost_necromancy, minivault_26,
          minmay_checkerbox, uniq_joseph, uniq_pikel
D:8:      layout_cave_pools, gammafunk_temple_overflow_statue, enter_bailey_6,
          small_chamber_with_monster, minmay_gold_behind_fungi

Skill      XL: |  1  2  3  4  5  6  7  8  9 |
---------------+----------------------------+-----
Fighting       | 3 4 5 7 |  7.3
Shields        | 1 2 |  2.1
Armour         | 1 2 3 5 |  5.5
Dodging        | 2 3 4 5 |  5.7
Axes           | 1 4 7 9 |  9.8
Invocations    | 2 3 |  3.8
Short Blades   | |  2.1
Throwing       | |  2.0
Stealth        | |  3.6

Action                   |  1- 3 |  4- 6 |  7- 9 | 10-12 || total
-------------------------+-------+-------+-------+-------++-------
Melee: Dagger            |   147 |    33 |       |       ||   180
       Punch             |     2 |       |       |       ||     2
       Battleaxe         |       |    77 |   178 |     3 ||   258
       Trident           |       |       |     9 |       ||     9
Throw: Dart              |     5 |    17 |    15 |       ||    37
Invok: Bend Time         |       |       |       |     1 ||     1
 Abil: Hop               |     2 |     2 |     1 |     1 ||     6
  Use: Scroll            |       |       |       |     7 ||     7
       Potion            |       |       |       |     2 ||     2
 Stab: Sleeping          |     9 |     3 |     1 |       ||    13
Armor: Robe              |     6 |       |       |       ||     6
       Leather armour    |    35 |    24 |       |       ||    59
       Ring mail         |       |    14 |    86 |     4 ||   104
       Skin              |       |       |       |     6 ||     6
Dodge: Dodged            |    61 |    53 |   102 |    12 ||   228
Block: Buckler           |     3 |     4 |       |       ||     7
